 Dungeon Crawl Stone Soup version 0.28.0-47-ge53b351184 (webtiles) character file.

Game seed: 17983877860877691283

72 101zpm the Magician (level 4, -2/32 HPs)
             Began as a Djinni Fire Elementalist on May 9, 2022.
             Killed by divine providence
             ... invoked by an orc priest
              (10 damage)
             ... on level 3 of the Dungeon.
             The game lasted 00:02:18 (1984 turns).

101zpm the Magician (Djinni Fire Elementalist)      Turns: 1984, Time: 00:02:19

Health: -2/32      AC:  2    Str:  7    XL:     4   Next: 50%
Gold:   34         EV: 12    Int: 18    God:
                   SH:  0    Dex: 14

rFire   + + .      SeeInvis .   (no weapon)
rCold   x . .      Faith    .   (no shield)
rNeg    . . .      Spirit   .   a - +0 robe
rPois   ∞          Reflect  .   (no helmet)
rElec   .          Harm     .   (no cloak)
rCorr   .          Rampage  .   (no gloves)
Will    .....                   (boots unavailable)
Stlth   ++........              (no amulet)
HPRegen 0.10/turn               (no ring)
MPRegen 0.00/turn               (no ring)

@: flying
A: sickness immunity, fire resistance 2, cold vulnerability 1, float, innate
caster, HP casting, extra vitality 1
a: no special abilities


You were on level 3 of the Dungeon.
You visited 1 branch of the dungeon, and saw 3 of its levels.

You collected 34 gold pieces.

Inventory:

Armour
 a - a +0 robe (worn)
Scrolls
 c - a scroll of magic mapping {unknown}
 d - a scroll of fear {unknown}
 e - a scroll of teleportation {unknown}
 g - a scroll of fog {unknown}
 h - a scroll of identify {unknown}
Potions
 b - a potion of cancellation {unknown}
 f - a potion of curing {unknown}


   Skills:
 + Level 1.0 Fighting
 + Level 2.6 Dodging
 + Level 1.8 Stealth
 + Level 3.4 Spellcasting


You couldn't memorise any spells.
You knew the following spells:

 Your Spells              Type           Power      Damage    Failure   Level
a - Foxfire               Conj/Fire      60%        2x1d7     3%          1
b - Scorch                Fire           30%        2d6       5%          2
c - Conjure Flame         Conj/Fire      15%        6-21      11%         3
d - Inner Flame           Hex/Fire       15%        N/A       11%         3
e - Flame Wave            Conj/Fire      15%        2d6       36%         4
f - Magic Dart            Conj           60%        1d6       3%          1
Your spell library was empty.

Dungeon Overview and Level Annotations

Branches:
Dungeon (3/15)

Altars:


Innate Abilities, Weirdness & Mutations

You are immune to sickness and miasma.
You are immune to poison.
Your flesh is very heat resistant. (rF++)
You are vulnerable to cold. (rC-)
You float through the air rather than walking.
You learn spells naturally, not from books.
Your magical power is your life essence.
You have superior vitality. (+4 MHP)


Message History

A jackal comes into view.
Casting: Foxfire (safe; 3% risk of failure)
Confirm with . or Enter, or press ? or * to list all spells.
Flames lash the jackal.
You kill the jackal!
You hear a shout!
An orc wizard comes into view. It is wielding a +1 dagger of speed.
You conjure some foxfire!
The foxfire hits the orc wizard but does no damage.
A giant cockroach comes into view.
Casting: Foxfire (safe; 3% risk of failure)
Confirm with . or Enter, or press ? or * to list all spells.
Flames lash the giant cockroach.
You kill the giant cockroach!
The foxfire hits the orc wizard.
The orc wizard is moderately wounded.
An orc priest comes into view. It is wielding a +0 club.
The foxfire hits the orc wizard but does no damage.
The orc wizard is moderately wounded.
Casting: Scorch (safe; 5% risk of failure)
Confirm with . or Enter, or press ? or * to list all spells.
Flames lash the orc wizard.
The orc wizard is almost dead.
The orc wizard's fire resistance burns away.
A giant cockroach comes into view.
Casting: Scorch (safe; 5% risk of failure)
Confirm with . or Enter, or press ? or * to list all spells.
Flames lash the giant cockroach.
You kill the giant cockroach!
You hear a bark!
The orc wizard points at you and mumbles some strange words.
The puff of flame hits you. You resist.
* * * LOW HITPOINT WARNING * * *
A giant cockroach comes into view.
The orc wizard mumbles some strange words.
The orc wizard flickers and vanishes!
Deactivating autopickup; reactivate with Ctrl-A.
The orc priest mumbles some strange prayers to Beogh against you.
Beogh smites you!
You die...

#...##...
......... ##
#o.......
.###{.>....
...o....#
#§.K....#
###†#.B...#
#....@#
#######....##
..........##
.......(..#
..........#
.<........#
.........##.#
........##.#
..........#


You could see an orc priest, an orc wizard (combustible), a giant cockroach and
a kobold.

Vanquished Creatures
  An orc wizard (D:3)
  An adder (D:2)
  A dart slug (D:3)
  2 orcs (D:3)
  2 ball pythons (D:2)
  2 endoplasms (D:2)
  4 giant cockroaches
  2 goblins (D:2)
  3 hobgoblins (D:2)
  4 jackals
  3 kobolds
  2 bats (D:2)
  2 frilled lizards (D:2)
  4 rats
33 creatures vanquished.

Vanquished Creatures (others)
  131 foxfires
131 creatures vanquished.

Grand Total: 164 creatures vanquished

Notes
Turn   | Place    | Note
-------+----------+-------------------------------------------
     0 | D:1      | 101zpm the Djinni Fire Elementalist began the quest for the
                  | Orb.
     0 | D:1      | Reached XP level 1. HP: 15/15 MP: 0/0
   279 | D:2      | Reached XP level 2. HP: 6/22 MP: 0/0
   897 | D:2      | Reached XP level 3. HP: 22/26 MP: 0/0
   897 | D:2      | Learned a level 1 spell: Magic Dart
  1494 | D:2      | Reached skill level 3 in Spellcasting
  1976 | D:3      | Reached skill level 1 in Fighting
  1976 | D:3      | Reached XP level 4. HP: 23/32 MP: 0/0
  1984 | D:3      | Killed from afar by an orc priest

Illustrated notes

Levels and vault maps discovered:
D:1:      giann_wishing_wells, layout_loops_cross,
          chequers_ecumenical_altar_simple_redux
D:2:      layout_rooms, chequers_serial_rivers_micro_e, minmay_quantized
D:3:      minmay_roachtagon, layout_rooms, uniq_grinder

Skill      XL: |  1  2  3 |
---------------+----------+-----
Spellcasting   | 3 |  3.4
Fighting       | 1 |  1.0
Dodging        | |  2.6
Stealth        | |  1.8

Action                   |  1- 3 |  4- 6 || total
-------------------------+-------+-------++-------
Melee: Unarmed           |     7 |       ||     7
 Cast: Foxfire           |    81 |     4 ||    85
       Scorch            |     1 |     5 ||     6
Armor: Robe              |     4 |       ||     4
Dodge: Dodged            |     9 |     1 ||    10
